 Dungeon Crawl Stone Soup version 0.28.0-47-ge53b351184 (webtiles) character file.

Game seed: 9653737438190872409

129 joe1234567 the Caller (level 4, -5/21 HPs)
             Began as a Deep Elf Summoner on May 7, 2022.
             Was a Believer of Hepliaklqana.
             Slain by Robin
             ... wielding a +0 mace
              (6 damage)
             ... on level 2 of the Dungeon on May 8, 2022.
             The game lasted 00:17:22 (2618 turns).

joe1234567 the Caller (Deep Elf Summoner)           Turns: 2618, Time: 00:17:23

Health: -5/21      AC: 11    Str:  7    XL:     4   Next: 88%
Magic:  12/12      EV: -1    Int: 20    God:    Hepliaklqana [**....]
Gold:   59         SH:  0    Dex: 15    Spells: 10/11 levels left

rFire   . . .      SeeInvis .   f - +2 dagger (drain)
rCold   . . .      Faith    .   (no shield)
rNeg    . . .      Spirit   .   k - +0 plate armour
rPois   .          Reflect  .   (no helmet)
rElec   .          Harm     .   (no cloak)
rCorr   .          Rampage  .   (no gloves)
Will    +....                   l - +0 pair of boots
Stlth   ..........              i - amulet of magic regeneration
HPRegen 0.07/turn               o - ring of willpower
MPRegen 0.53/turn               (no ring)

@: no status effects
A: reduced essence
a: Renounce Religion, Ancestor Life: Knight, Ancestor Life: Battlemage, Ancestor
Life: Hexer, Recall Ancestor, Ancestor Identity


You were on level 2 of the Dungeon.
You worshipped Hepliaklqana.
Hepliaklqana was pleased with you.
You visited 1 branch of the dungeon, and saw 2 of its levels.

You collected 59 gold pieces.

Inventory:

Hand Weapons
 c - a +0 dagger
 f - a +2 dagger of draining (weapon)
Armour
 a - a +0 robe
 j - a +0 robe
 k - a +0 plate armour (worn)
 l - a +0 pair of boots (worn)
Jewellery
 i - an amulet of magic regeneration (around neck)
 o - a ring of willpower (left hand)
Scrolls
 b - a scroll of noise {unknown}
 g - 2 scrolls of identify {unknown}
 h - a scroll of silence {unknown}
Potions
 d - a potion of berserk rage {unknown}
 e - a potion of heal wounds {unknown}
 m - 2 potions of flight {unknown}
 n - a potion of curing


   Skills:
 + Level 0.9 Fighting
 + Level 1.2 Short Blades
 + Level 1.0 Armour
 + Level 2.5 Dodging
 + Level 3.0 Stealth
 + Level 4.3 Spellcasting
 + Level 5.2 Summonings


You had 10 spell levels left.
You knew the following spells:

 Your Spells              Type           Power      Damage    Failure   Level
a - Summon Small Mammal   Summ           100%       N/A       100%        1

Your spell library contained the following spells:

 Spells                   Type           Power      Damage    Failure   Level
 Call Imp                 Summ           25%        N/A       100%        2
 Call Canine Familiar     Summ           25%        N/A       100%        3
 Summon Guardian Golem    Hex/Summ       14%        N/A       100%        3
 Summon Lightning Spire   Summ/Air       14%        N/A       100%        4


Dungeon Overview and Level Annotations

Branches:
Dungeon (2/15)

Altars:
Hepliaklqana

Annotations:
D:2 Robin


Message History

The hobgoblin hits you but does no damage.
You closely miss the hobgoblin.
The hobgoblin is heavily wounded.
The hobgoblin hits you but does no damage.
You hit the hobgoblin. You drain the hobgoblin.
You kill the hobgoblin!
Robin says, "Bow before me, strongest of all the hobgoblins!"
You hit the hobgoblin.
You kill the hobgoblin!
Robin hits you with a +0 mace.
* * * LOW HITPOINT WARNING * * *
Things that are here:
a +0 dagger; a goblin corpse You hit Robin.
Robin is lightly wounded.
Robin hits you but does no damage.
You hit Robin. You drain Robin.
Robin is heavily wounded.
Robin hits you but does no damage.
You barely miss Robin.
Robin is heavily wounded.
Robin hits you but does no damage.
You barely miss Robin.
Robin is heavily wounded.
Robin hits you but does no damage.
You hit Robin. You drain Robin.
Robin is severely wounded.
Robin drinks a potion.
Robin is healed!
You hit Robin. You drain Robin.
Robin is severely wounded.
You hit Robin.
Robin is severely wounded.
Robin hits you but does no damage.
You hit Robin.
Robin is almost dead.
Robin hits you but does no damage.
You closely miss Robin.
Robin is almost dead.
Robin hits you with a +0 mace.
You die...

####....#
#....).# ######
#......# ####...#
#...##########
#............#
#..>.........#
#.#..........#
#g#..........#
#@#..........#
#.#.......)..#
#.#..........#
#.#..........#
#.#^.........#
#.#..........####
#.....(.........#
###############.#
#.#


You could see Robin (drained).

Vanquished Creatures
  A gnoll (D:1)
  5 adders (D:2)
  A worm (D:2)
  A dart slug (D:2)
  2 endoplasms (D:1)
  3 giant cockroaches
  7 goblins (D:2)
  3 hobgoblins (D:2)
  3 jackals
  2 quokkas
  A ball python (D:2)
  5 bats
  A frilled lizard (D:2)
  6 rats (D:1)
41 creatures vanquished.

Vanquished Creatures (collateral kills)
  4 bats
  5 endoplasms (D:1)
  7 goblins
  2 hobgoblins (D:1)
  A jackal (D:2)
  2 ball pythons (D:1)
  A frilled lizard (D:1)
  2 rats
24 creatures vanquished.

Vanquished Creatures (others)
  An ancestor (D:2)
1 creature vanquished.

Grand Total: 66 creatures vanquished

Notes
Turn   | Place    | Note
-------+----------+-------------------------------------------
     0 | D:1      | joe1234567 the Deep Elf Summoner began the quest for the
                  | Orb.
     0 | D:1      | Reached XP level 1. HP: 10/10 MP: 6/6
   306 | D:1      | Reached XP level 2. HP: 1/15 MP: 4/8
   715 | D:1      | Found a faded altar of an unknown god.
   731 | D:1      | Prayed at the altar of an unknown god.
   731 | D:1      | Became a worshipper of Hepliaklqana the Forgotten
   731 | D:1      | Reached * piety under Hepliaklqana
  1388 | D:1      | Reached XP level 3. HP: 12/17 MP: 10/10
  1651 | D:1      | Reached skill level 5 in Summonings
  2002 | D:2      | Reached skill level 1 in Short Blades
  2081 | D:2      | Reached XP level 4. HP: 14/21 MP: 12/12
  2220 | D:2      | Reached ** piety under Hepliaklqana
  2558 | D:2      | Noticed Robin
  2600 | D:2      | Reached skill level 1 in Armour
  2603 | D:2      | HP: 1/21 [hobgoblin[Robin] (6)]
  2609 | D:2      | HP: 1/21 [Robin/+0 mace (1)]
  2618 | D:2      | Slain by Robin

Illustrated notes

Levels and vault maps discovered:
D:1:      saegor_arrival_fortress, layout_basic,
          hellmonk_ecumenical_altar_pennies_from_heaven, serial_aquarium,
          aquarium_bridge_straight [aquarium_subvault_bridge,
          aquarium_subvault_wall, aquarium_subvault_bridge,
          aquarium_subvault_window], aquarium_window_fake, aquarium_window_fake,
          aquarium_window_1, aquarium_window_fake, aquarium_view_2b,
          aquarium_view_2a, aquarium_balcony_double_3,
          minmay_misc_feat_more_columns, nrook_uturn
D:2:      layout_basic, uniq_robin

Skill      XL: |  1  2  3  4 |
---------------+-------------+-----
Spellcasting   | 4 |  4.3
Summonings     | 5 |  5.2
Short Blades   | 1 |  1.2
Stealth        | 3 |  3.0
Armour         | 1 |  1.0
Fighting       | |  0.9
Dodging        | |  2.5

Action                   |  1- 3 |  4- 6 || total
-------------------------+-------+-------++-------
Melee: Dagger            |    97 |    70 ||   167
       Punch             |     2 |     1 ||     3
 Cast: Summon Small Mamm |    23 |       ||    23
 Stab: Distracted        |     1 |       ||     1
       Sleeping          |     1 |       ||     1
Armor: Robe              |    10 |       ||    10
       Plate armour      |    80 |    78 ||   158
Dodge: Dodged            |    31 |     1 ||    32
